 Dungeon Crawl Stone Soup version 0.22-a0-512-g0943f25 (webtiles) character file.

125019 Amnesiac the Demolition Orc (level 16, -3/134 HPs)
             Began as a Hill Orc Monk on June 18, 2018.
             Was an Elder of Makhleb.
             Killed from afar by a quicksilver dragon (38 damage)
             ... with a bolt of dispelling energy
             ... on level 1 of the Vaults.
             The game lasted 01:18:48 (24113 turns).

Amnesiac the Demolition Orc (Hill Orc Monk)        Turns: 24113, Time: 01:18:49

Health: -3/134     AC: 20    Str: 19    XL:     16   Next: 59%
Magic:  33/33      EV: 12    Int: 10    God:    Makhleb [****..]
Gold:   1995       SH: 22    Dex: 13    Spells: 6/15 levels left

rFire    . . .     SeeInvis +   f - +7 demon blade (elec)
rCold    + . .     Gourm    .   e - +0 large shield
rNeg     . . .     Faith    .   X - +1 chain mail {rC+}
rPois    +         Spirit   .   r - +0 helmet
rElec    +         Reflect  +   w - +1 cloak
rCorr    .         Harm     .   I - +1 pair of gloves
MR       +....                  i - +1 pair of boots of Udeylat {SInv}
Stlth    ..........             M - +6 amulet of reflection
HPRegen  0.32/turn              V - ring "Jiqyik" {*Drain rElec rPois Str-2 Stlth+}
MPRegen  0.23/turn              N - +4 ring of evasion

@: very slightly contaminated
A: no striking features
}: 1/15 runes: abyssal
a: Minor Destruction, Lesser Servant of Makhleb, Major Destruction, Renounce
Religion


You were on level 1 of the Vaults.
You worshipped Makhleb.
Makhleb was greatly pleased with you.
You were not hungry.

You visited 4 branches of the dungeon, and saw 23 of its levels.
You visited the Abyss 1 time.
You also visited: Labyrinth and Ossuary.

You collected 2187 gold pieces.
You spent 192 gold pieces at shops.

Inventory:

Hand Weapons
 f - a +7 demon blade of electrocution (weapon)
 R - a +0 battleaxe
Armour
 e - a +0 large shield (worn)
 i - the +1 pair of boots of Udeylat (worn) {SInv}
   (You acquired it on level 13 of the Dungeon)

   It lets you see invisible.
 r - a +0 helmet (worn)
 w - a +1 cloak (worn)
 I - a +1 pair of gloves (worn)
 K - a scarf of cloud immunity
 T - a +2 buckler of fire resistance
 X - a +1 chain mail of cold resistance (worn)
Jewellery
 a - a +3 ring of protection
 d - an uncursed amulet of rage
 o - an uncursed ring of wizardry {unknown}
 t - an uncursed ring of protection from fire
 C - an uncursed amulet of the gourmand {unknown}
 M - a +6 amulet of reflection (around neck)
 N - a +4 ring of evasion (right hand)
 O - an uncursed ring of protection from magic
 V - the ring "Jiqyik" (left hand) {*Drain rElec rPois Str-2 Stlth+}
   (You found it in a labyrinth)

   [ring of strength]

   It affects your strength (-2).
   It insulates you from electricity.
   It protects you from poison.
   It causes draining when unequipped.
   It makes you more stealthy.
Wands
 j - a wand of acid (5)
 p - a wand of disintegration (40)
 q - a wand of enslavement (28)
 y - a wand of clouds (9)
 L - a wand of digging (15)
 P - a wand of paralysis (25)
Scrolls
 g - 7 scrolls of teleportation {!r}
 h - 8 scrolls of remove curse {!r}
 m - 9 scrolls of amnesia {!r}
 n - 5 scrolls of magic mapping {!r}
 s - 8 scrolls of enchant armour {!r}
 A - 7 scrolls of fog {!r}
 J - 3 scrolls of acquirement {!r}
 Q - a scroll of summoning {!r}
 S - a scroll of blinking {!r}
 U - a scroll of fear {!r}
Potions
 l - 3 potions of haste {!q}
 v - 3 potions of cancellation {!q}
 x - 7 potions of curing {!q}
 z - 3 potions of flight {!q}
 B - 2 potions of might {!q}
 D - 4 potions of mutation {!q}
 E - a potion of resistance {!q}
 F - 4 potions of brilliance {!q}
 H - 6 potions of magic {!q}
 Z - 2 potions of agility {!q}
Miscellaneous
 b - a phantom mirror
 G - a lamp of fire
 W - a fan of gales
Comestibles
 c - 37 rations
 k - 5 chunks of flesh


   Skills:
 + Level 9.8 Fighting
 + Level 5.4 Long Blades
 - Level 4.0 Axes
 + Level 9.0 Armour
 + Level 6.9 Dodging
 - Level 1.5 Stealth
 + Level 9.1 Shields
 O Level 27 Invocations


You had 6 spell levels left.
You knew the following spells:

 Your Spells              Type           Power        Failure   Level  Hunger
a - Apportation           Tloc           #.....       100%        1    ##.....
b - Animate Skeleton      Necr           N/A          100%        1    ##.....
c - Summon Small Mammal   Summ           #...         100%        1    ##.....
d - Poisonous Vapours     Pois/Air       #.....       100%        2    ###....
r - Regeneration          Chrm/Necr      #.........   100%        3    ####...
z - Confusing Touch       Hex            #.....       100%        1    ##.....

Your spell library contained the following spells:

 Spells                   Type           Power        Failure   Level  Hunger
 Cause Fear               Hex            #.........   100%        4    #####..
 Slow                     Hex            #.......     100%        2    ###....
 Mephitic Cloud           Conj/Pois/Air  #.......     100%        3    ####...
 Venom Bolt               Conj/Pois      #.........   100%        5    ######.
 Olgreb's Toxic Radiance  Pois           #.......     100%        4    #####..
 Animate Dead             Necr           N/A          100%        4    #####..
 Pain                     Necr           #...         100%        1    ##.....
 Vampiric Draining        Necr           #.........   100%        3    ####...
 Sting                    Conj/Pois      #...         100%        1    ##.....
 Spider Form              Tmut/Pois      #.........   100%        3    ####...
 Blade Hands              Tmut           #.........   100%        5    ######.
 Ice Form                 Ice/Tmut       #.......     100%        4    #####..
 Sticks to Snakes         Tmut           #.......     100%        2    ###....
 Corona                   Hex            #......      100%        1    ##.....
 Portal Projectile        Hex/Tloc       #.....       100%        3    ####...
 Leda's Liquefaction      Hex/Erth       #.........   100%        4    #####..
 Inner Flame              Hex/Fire       #.......     100%        3    ####...
 Beastly Appendage        Tmut           #.....       100%        1    ##.....


Dungeon Overview and Level Annotations

Branches:
Dungeon (15/15)            Temple (1/1) D:5            Lair (6/6) D:9
  Swamp (0/4) Lair:3       Spider (0/4) Lair:2        Slime (0/5) Lair:6
    Orc (0/2) D:12         Vaults (1/5) D:14         Depths (0/5) D:15

Altars:
Ashenzari
Cheibriados
Elyvilon
Fedhas
Gozag
Hepliaklqana
Makhleb
Nemelex Xobeh
Okawaru
Ru
Sif Muna
Trog
Wu Jian
Xom
Zin
The Shining One

Shops:
D:9 (   D:10 *

Portals:
Trove: D:10 (give 16 potions of curing)


Message History

There isn't anything to butcher here.
You start resting.
A quicksilver dragon comes into view.
You see here a battleaxe.
R - a battleaxe The quicksilver dragon breathes dispelling energy at you.
The bolt of dispelling energy misses you.
A vault guard comes into view. It is wielding a battleaxe of venom.
The vault guard shouts!
Press: ? - help, Shift-Dir - straight line, f - quicksilver dragon
Aim: a quicksilver dragon (catching its breath)
The bolt of negative energy hits the quicksilver dragon.
The quicksilver dragon is drained!
The quicksilver dragon is lightly wounded.
You hear a shout!
Unknown command.
Press: ? - help, Shift-Dir - straight line, f/p - quicksilver dragon
Aim: a quicksilver dragon (lightly wounded, catching its breath, lightly drained)
The bolt of negative energy hits the quicksilver dragon.
The quicksilver dragon is drained!
The quicksilver dragon is heavily wounded.
The bolt of negative energy hits the vault guard.
The vault guard is drained!
The vault guard is moderately wounded.
Unknown command.
Press: ? - help, Shift-Dir - straight line, f/p - quicksilver dragon
Aim: a quicksilver dragon (heavily wounded, catching its breath, lightly drained)
The stone arrow hits the quicksilver dragon.
The quicksilver dragon is heavily wounded.
The quicksilver dragon breathes dispelling energy at you.
The bolt of dispelling energy hits you!
* * * LOW HITPOINT WARNING * * *
Unknown command.
Press: ? - help, Shift-Dir - straight line, f/p - quicksilver dragon
Aim: a quicksilver dragon (heavily wounded, catching its breath, lightly drained)
The quicksilver dragon easily resists.
The quicksilver dragon breathes dispelling energy at you.
The bolt of dispelling energy misses you.
The quicksilver dragon bites you but does no damage.
The quicksilver dragon claws you but does no damage.
Unknown command.
Really read
s - 8 scrolls of enchant armour {!r}?
Okay, then.
Unknown command.
Really read
S - 2 scrolls of blinking {!r}?
Blink to where?
Press: ? - help, Dir - move target cursor, p - quicksilver dragon You are very lightly contaminated with residual magic.
As you read the scroll of blinking {!r}, it crumbles to dust.
There is an open door here.
You see here a hornet corpse.
You close the door, pushing everything out of the way.
Okay, then.
Really quaff
u - a potion of heal wounds {!q}?
You feel much better.
Something unseen opens the door.
Press: ? - help, Shift-Dir - straight line, f - quicksilver dragon
Aim: a quicksilver dragon (heavily wounded, lightly drained)
The bolt of negative energy hits the quicksilver dragon.
The quicksilver dragon is drained!
The quicksilver dragon is severely wounded.
The quicksilver dragon breathes dispelling energy at you.
The bolt of dispelling energy hits you!
You die...

..'....)..#.......#..#
###########.#)..#.#).#
#.......#))#
###D#####..#
#..........#
#..........#
#..........#
#..........#
#@.........#
#......)...#
#..........#
#..........#
#(.........#
#..........#
#..........#
#..........#
...........#


You could see a quicksilver dragon.

Vanquished Creatures
  A juggernaut (Abyss:3)
  3 vault wardens (Vaults:1)
  3 ironheart preservers (Vaults:1)
  A purple draconian (Vaults:1)
  Azrael (D:15)
  A minotaur (Lab)
  A spark wasp (shapeshifter) (Vaults:1)
  Josephine (D:9)
  2 yaktaur captains
  An ice dragon (Vaults:1)
  3 ogre magi (Vaults:1)
  A rakshasa (Vaults:1)
  6 hydras
  5 vault guards
  3 centaur warriors
  A catoblepas (Lair:3)
  A dancing weapon (Abyss:3)
  A deep troll shaman (Vaults:1)
  The ghost of Wentogh the Blocker, a novice DDFi of Makhleb (D:10)
  6 two-headed ogres
  A thrashing horror (Abyss:2)
  2 deep troll earth magi (Vaults:1)
  A tengu warrior (D:14)
  2 unseen horrors (shapeshifter)
  A sixfirhy (D:7)
  2 unseen horrors
  A lindwurm (Lair:3)
  3 wizards
  2 ironbrand convokers (Vaults:1)
  A wolf spider zombie (D:14)
  2 necromancers
  5 ugly things
  8 oklob plants
  2 cyclopes (D:11)
  A black mamba (Lair:2)
  2 centaur zombies
  Maurice (D:10)
  A vault sentinel (Vaults:1)
  14 spiny frogs
  A spiny frog (shapeshifter) (D:15)
  2 gargoyles
  2 centaur skeletons
  A hellion (Abyss:3)
  A torpor snail (D:12)
  2 rime drakes
  11 komodo dragons
  2 yaktaurs (D:15)
  3 meliai (D:14)
  7 jumping spiders
  6 trolls
  7 polar bears
  A tengu conjurer (D:14)
  5 tyrant leeches (D:12)
  10 hippogriffs
  3 hornets
  2 dream sheep (Lair:6)
  Grinder (D:6)
  A raiju (Abyss:3)
  27 blink frogs
  Sigmund (D:4)
  A centaur simulacrum (D:12)
  2 redbacks (Lair:2)
  48 yaks
  2 wyverns
  11 spriggans (Lair:6)
  3 starcursed masses (Abyss:2)
  A vampire (D:11)
  2 fire elementals (D:15)
  16 humans (D:14)
  Grum (Lair:1)
  2 hungry ghosts
  7 wraiths
  2 basilisks
  7 vampire mosquitoes
  A warg (Vaults:1)
  Edmund (D:6)
  4 swamp worms (D:12)
  11 water moccasins
  3 hell hounds (D:15)
  5 porcupines
  7 orc warriors
  3 ice beasts
  5 sky beasts
  5 black bears
  An eye of draining (D:13)
  A hornet zombie (D:10)
  A necrophage (D:10)
  34 wolves
  2 phantoms
  9 ogres
  4 boggarts (Lair:6)
  7 centaurs
  12 crocodiles
  A big kobold (D:7)
  Blork the orc (D:6)
  18 bullfrogs
  4 scorpions
  A wyvern skeleton (D:6)
  9 wights
  3 killer bees (D:11)
  2 electric eels
  5 crimson imps
  2 howler monkeys
  2 quasits
  2 bullfrog zombies
  4 hounds
  4 jellies
  A gnoll shaman (D:6)
  2 bullfrog skeletons
  12 orc priests
  3 iguanas
  8 worker ants
  14 orc wizards
  4 small abominations
  A hound zombie (D:6)
  A mummy (Ossuary)
  A howler monkey zombie (D:8)
  A worker ant zombie (D:6)
  16 gnolls
  A howler monkey skeleton (D:8)
  13 adders
  2 shadow imps
  A white imp (Vaults:1)
  An ufetubus (D:14)
  2 adder zombies
  6 worms
  A dart slug (D:1)
  6 leopard geckos
  58 orcs
  5 ball pythons
  7 giant cockroaches
  5 goblins
  4 hobgoblins
  8 jackals
  4 quokkas
  4 bats
  8 frilled lizards
  3 gnoll skeletons (Ossuary)
  2 jackal skeletons
  16 kobolds
  10 kobold skeletons (Ossuary)
  12 orc skeletons (Ossuary)
  A quokka skeleton (D:9)
  9 rats
  A fungus (Lair:2)
  3 plants (Lair:3)
727 creatures vanquished.

Vanquished Creatures (collateral kills)
  2 tentacled starspawn (Abyss:3)
  An angel (Abyss:3)
  2 ophanim (Abyss:3)
  A vault guard (Vaults:1)
  2 dancing weapons (Abyss:3)
  2 cherubim (Abyss:3)
  2 large abominations (Abyss:3)
  A worldbinder (Abyss:2)
  4 raiju (Abyss:2)
  A small abomination (Abyss:2)
  4 humans (D:14)
  An orc warrior (Vaults:1)
  3 starcursed masses (Abyss:2)
  A starspawn tentacle (Abyss:3)
27 creatures vanquished.

Vanquished Creatures (others)
  A centaur warrior (D:15)
  2 centaurs
  2 bushes
  24 fungi
  15 plants
  6 starspawn tentacles (Abyss:3)
50 creatures vanquished.

Grand Total: 804 creatures vanquished

Notes
Turn   | Place    | Note
-------+----------+-------------------------------------------
     0 | D:1      | Amnesiac the Hill Orc Monk began the quest for the Orb.
     0 | D:1      | Reached XP level 1. HP: 19/19 MP: 1/1
    24 | D:1      | Reached skill level 1 in Armour
    30 | D:1      | Reached XP level 2. HP: 20/26 MP: 2/2
   477 | D:3      | Reached XP level 3. HP: 24/31 MP: 3/3
   605 | D:3      | Found an opulent altar of Gozag.
   802 | D:3      | Reached XP level 4. HP: 23/40 MP: 4/4
  1018 | D:3      | Found a sparkling altar of Nemelex Xobeh.
  1036 | D:3      | Found a glowing silver altar of Zin.
  1038 | D:3      | Found a sacrificial altar of Ru.
  1310 | D:2      | Found a glowing golden altar of the Shining One.
  1444 | D:3      | Reached XP level 5. HP: 35/47 MP: 5/5
  2008 | D:4      | Reached XP level 6. HP: 52/55 MP: 6/6
  2030 | D:4      | Noticed Sigmund
  2171 | D:4      | Reached skill level 5 in Fighting
  2790 | D:5      | Entered Level 5 of the Dungeon
  2811 | D:5      | Noticed a sky beast
  2822 | D:5      | Killed a sky beast
  2822 | D:5      | Reached skill level 5 in Armour
  2827 | D:5      | Reached XP level 7. HP: 62/62 MP: 7/7
  3133 | D:5      | Found a staircase to the Ecumenical Temple.
  3172 | Temple   | Entered the Ecumenical Temple
  3210 | Temple   | Became a worshipper of Makhleb the Destroyer
  3210 | Temple   | Reached * piety under Makhleb
  3210 | Temple   | Reached ** piety under Makhleb
  3273 | D:5      | Reached skill level 2 in Invocations
  3286 | D:5      | Reached skill level 3 in Invocations
  3330 | D:4      | Killed Sigmund
  3330 | D:4      | Reached skill level 5 in Invocations
  3330 | D:4      | Reached XP level 8. HP: 44/70 MP: 9/11
  4257 | D:2      | Reached skill level 6 in Invocations
  5099 | D:6      | Reached skill level 7 in Invocations
  5186 | D:6      | Reached *** piety under Makhleb
  5258 | D:6      | Reached skill level 8 in Invocations
  5278 | D:6      | Found an ornate altar of the Wu Jian Council.
  5290 | D:6      | Reached skill level 9 in Invocations
  5293 | D:6      | Noticed Edmund
  5344 | D:6      | Killed Edmund
  5395 | D:6      | Reached skill level 10 in Invocations
  5395 | D:6      | Reached XP level 9. HP: 75/75 MP: 16/16
  5440 | D:6      | Noticed Blork the orc
  5448 | D:6      | Killed Blork the orc
  5531 | D:6      | Reached skill level 11 in Invocations
  5812 | D:6      | Noticed Grinder
  5813 | D:6      | Paralysed by Grinder for 6 turns
  5830 | D:6      | Killed Grinder
  5988 | D:6      | Got a warped great sword
  5993 | D:6      | Identified the +6 great sword "Pijylioc" {drain, Int+3} (You found it on level 6 of the Dungeon)
  6138 | D:7      | Reached skill level 12 in Invocations
  6201 | D:7      | Found a runed door.
  6201 | D:7      | Noticed a sixfirhy
  6267 | D:7      | Found a sand-covered staircase.
  6272 | Ossuary  | Entered an ossuary
  6288 | Ossuary  | Reached **** piety under Makhleb
  6799 | D:7      | Reached skill level 13 in Invocations
  7104 | D:7      | Killed a sixfirhy
  7104 | D:7      | Reached skill level 14 in Invocations
  7104 | D:7      | Reached XP level 10. HP: 19/83 MP: 20/20
  8006 | D:8      | Paralysed by fainting for 9 turns
  8036 | D:8      | Paralysed by fainting for 7 turns
  8558 | D:9      | Found a deep blue altar of Sif Muna.
  8574 | D:9      | Found a staircase to the Lair.
  8607 | D:9      | Reached skill level 15 in Invocations
  8798 | D:9      | Found Xoluofuo's Weapon Shoppe.
  8895 | D:9      | Noticed a two-headed ogre
  8902 | D:9      | Killed a two-headed ogre
  9132 | Lair:1   | Entered Level 1 of the Lair of Beasts
  9137 | Lair:1   | Reached skill level 16 in Invocations
  9297 | Lair:1   | Noticed Grum
  9309 | Lair:1   | Reached skill level 17 in Invocations
  9310 | Lair:1   | Reached XP level 11. HP: 67/89 MP: 23/23
  9318 | Lair:1   | Killed Grum
  9585 | Lair:1   | Reached skill level 18 in Invocations
 10053 | Lair:2   | Noticed a six-headed hydra
 10060 | Lair:2   | Killed a six-headed hydra
 10063 | Lair:2   | Reached skill level 19 in Invocations
 10179 | Lair:2   | Learned a level 1 spell: Apportation
 10181 | Lair:2   | Learned a level 1 spell: Animate Skeleton
 10183 | Lair:2   | Learned a level 1 spell: Confusing Touch
 10185 | Lair:2   | Learned a level 1 spell: Summon Small Mammal
 10189 | Lair:2   | Learned a level 3 spell: Regeneration
 10278 | Lair:2   | Found a hole to the Spider Nest.
 10278 | Lair:2   | Noticed a four-headed hydra
 10288 | Lair:2   | Killed a four-headed hydra
 10325 | Lair:2   | Reached skill level 20 in Invocations
 10537 | Lair:2   | Reached XP level 12. HP: 67/96 MP: 26/26
 10698 | Lair:2   | Reached ***** piety under Makhleb
 10792 | Lair:2   | Reached skill level 21 in Invocations
 11251 | Lair:3   | Found a staircase to the Swamp.
 11303 | Lair:3   | Noticed a six-headed hydra
 11305 | Lair:3   | Killed a six-headed hydra
 11684 | Lair:3   | Got a distressingly furry scale mail
 11983 | Lair:3   | Reached skill level 22 in Invocations
 12047 | Lair:3   | Noticed a four-headed hydra
 12094 | Lair:3   | Killed a four-headed hydra
 12380 | Lair:3   | Noticed a catoblepas
 12398 | Lair:3   | Killed a catoblepas
 12398 | Lair:3   | Reached XP level 13. HP: 102/102 MP: 28/28
 12605 | Lair:3   | Identified the cursed +0 scale mail of Eseavergh {rF- Str+3 Int+3} (You found it on level 3 of the Lair of Beasts)
 13016 | Lair:4   | Reached skill level 23 in Invocations
 14062 | Lair:6   | Entered Level 6 of the Lair of Beasts
 14151 | Lair:5   | Found a labyrinth entrance.
 14168 | Lab      | Entered a labyrinth
 14708 | Lab      | Noticed a minotaur
 14717 | Lab      | Killed a minotaur
 14717 | Lab      | Reached skill level 24 in Invocations
 14720 | Lab      | Got a scorched lead ring
 14743 | Lair:5   | Identified the cursed ring "Jiqyik" {*Drain rElec rPois Str-2 Stlth+} (You found it in a labyrinth)
 15741 | Lair:6   | Found a staircase to the Slime Pits.
 15749 | Lair:6   | Reached skill level 25 in Invocations
 15749 | Lair:6   | Reached XP level 14. HP: 75/110 MP: 30/30
 16043 | Lair:6   | Got a sapphire morningstar
 16485 | Lair:6   | Identified the +5 morningstar of Ashenzari {freeze, rPois Str+2 Int+3 Stlth-} (You found it on level 6 of the Lair of Beasts)
 16637 | Lair:6   | Found the +9 sword of Zonguldrok {reap}
 17147 | D:10     | Entered Level 10 of the Dungeon
 17147 | D:10     | Noticed Josephine
 17160 | D:9      | Killed Josephine
 17275 | D:10     | Found Vujank's Assorted Antiques.
 17283 | D:10     | Learned a level 2 spell: Poisonous Vapours
 17326 | D:10     | Reached skill level 26 in Invocations
 17341 | D:10     | Bought an embroidered scarf for 192 gold pieces
 17490 | D:10     | Found a portal to a secret trove of treasure.
 17756 | D:10     | Noticed Wentogh's ghost (novice DDFi)
 17758 | D:10     | Found a runed door.
 17796 | D:10     | Killed Wentogh's ghost
 17995 | D:10     | Got a bloodstained arbalest
 18439 | D:10     | Noticed Maurice
 18447 | D:10     | Killed Maurice
 18569 | D:11     | Got a bloodstained shortbow
 18586 | D:11     | Identified the +7 shortbow of Circular Logic {speed, Str+2} (You found it on level 11 of the Dungeon)
 18587 | D:11     | Identified the +3 arbalest "Ymasyic" {freeze, rElec Str-4 Dex+2} (You found it on level 10 of the Dungeon)
 19247 | D:12     | Reached ****** piety under Makhleb
 19270 | D:12     | Found a staircase to the Orcish Mines.
 19695 | D:12     | Got an iridescent hand crossbow
 19696 | D:12     | Identified the +8 hand crossbow of Discord {freeze, rPois Int+3 Dex-4} (You found it on level 12 of the Dungeon)
 19965 | D:13     | Got a shimmering quarterstaff
 20016 | D:13     | Identified a scroll of acquirement {!r}
 20026 | D:13     | Got a pair of transparent boots
 20032 | D:13     | Identified the +1 pair of boots of Udeylat {SInv} (You acquired it on level 13 of the Dungeon)
 20070 | D:13     | Found a blossoming altar of Fedhas.
 20278 | D:13     | Reached skill level 27 in Invocations
 20429 | D:13     | Reached skill level 1 in Shields
 20594 | D:14     | Reached XP level 15. HP: 75/115 MP: 32/32
 21123 | D:14     | Reached skill level 5 in Dodging
 21123 | D:14     | Cast into level 2 of the Abyss (a wizard)
 21258 | Abyss:3  | Noticed a tentacled starspawn
 21269 | Abyss:3  | Killed a tentacled starspawn
 21269 | Abyss:3  | Reached skill level 1 in Long Blades
 21339 | Abyss:3  | Noticed a tentacled starspawn
 21375 | Abyss:3  | Killed a tentacled starspawn
 21409 | Abyss:3  | Noticed an angel
 21420 | Abyss:3  | Killed an angel
 21430 | Abyss:3  | Found a glowing golden altar of the Shining One.
 21437 | Abyss:3  | Noticed a juggernaut
 21448 | Abyss:3  | Killed a juggernaut
 21474 | Abyss:3  | Got an abyssal rune of Zot
 21492 | D:14     | Escaped the Abyss
 21702 | D:14     | Found a gate to the Vaults.
 21836 | D:15     | Entered Level 15 of the Dungeon
 22425 | D:15     | Found a staircase to the Depths.
 22499 | D:15     | Noticed Azrael
 22534 | D:15     | Killed Azrael
 23056 | Vaults:1 | Entered Level 1 of the Vaults
 23143 | Vaults:1 | Reached XP level 16. HP: 132/132 MP: 33/33
 23166 | Vaults:1 | Reached skill level 5 in Shields
 23170 | Vaults:1 | Paralysed by an ogre mage for 2 turns
 23573 | Vaults:1 | Paralysed by an ogre mage for 2 turns
 23640 | Vaults:1 | Reached skill level 5 in Long Blades
 24096 | Vaults:1 | Noticed a quicksilver dragon
 24113 | Vaults:1 | Killed from afar by a quicksilver dragon

Vault maps used:
D:1:      dpeg_arrival_orchard
D:2:      tso_metal_star
D:3:      grunt_gozag_breadcrumbs, minitemple
D:4:      minmay_crystal_water, nicolae_underground_beach, uniq_sigmund
D:5:      minmay_temple_entry_statues_fountains, first_ration,
          grunt_ministairs_10, hex_tiny
D:6:      nicolae_overflow_crystal_walls, uniq_blork_the_orc, uniq_edmund,
          uniq_grinder
D:7:      cheibrodos_shockbox, enter_ossuary_2, minmay_misc_feat_doors
D:9:      old_standard_altar, lair_entry_dummy, serial_shops, shop
D:10:     serial_shops, nicolae_shop_overgrown_old_shop, gammafunk_ghost_grave,
          serial_column_ruins, column_ruins_open_small, column_ruins_open_small,
          column_ruins_grid_2, column_ruins_columns_corner,
          nicolae_trove_entry_crystal, grunt_ogre_cave, uniq_josephine,
          uniq_maurice
D:12:     hiddenorc2_lemuel, worms_lemuel
D:13:     fedhas_bush_and_centaur_altar
D:14:     grunt_vaults_entry_tiered
D:15:     grunt_enter_depths_snipers, nicolae_water_bricks, uniq_azrael
Temple:   regret_index_temple_waves
Lair:1:   uniq_grum
Lair:2:   nicolae_spider_entry_tight_spaces, grunt_megastairs_1
Lair:3:   swamp_mist, st_stairs_10, minmay_lair_oklob_chamber,
          serial_bayou_shore_a
Lair:4:   serial_bayou_shore_b
Lair:5:   lab_entry_generic
Lair:6:   minmay_lair_end_enchanted_forest, minmay_slime_entry_oklob_open
Vaults:1: hangedman_vaults_trim, hangedman_vaults_nails, hangedman_vaults_slice,
          st_greater_box_1, vaults_dpeg_doors, dpeg_vaults_monster_box,
          hangedman_vaults_capsules, vaults_room_stairs_pillars,
          vaults_dpeg_encased_lava, serial_ice_h, serial_ice_b
Ossuary:  ossuary_due_mausoleum

Skill      XL: |  1  2  3  4  5  6  7  8  9 10 11 12 13 14 15 16 |
---------------+-------------------------------------------------+-----
Armour         | 1 3 4 5 8 9 |  9.0
Fighting       | 4 5 6 9 |  9.8
Dodging        | 3 4 6 |  6.9
Invocations    | 5 10 14 17 20 22 25 27 | 27.0
Shields        | 3 4 9 |  9.1
Long Blades    | 4 5 |  5.4
Axes           | |  4.0
Stealth        | |  1.5

Action                   |  1- 3 |  4- 6 |  7- 9 | 10-12 | 13-15 | 16-18 || total
-------------------------+-------+-------+-------+-------+-------+-------++-------
Melee: Hand axe          |   150 |   162 |     8 |       |       |       ||   320
       War axe           |       |       |   110 |       |       |       ||   110
       Short sword       |       |       |    23 |       |       |       ||    23
       Demon blade       |       |       |       |    30 |    21 |       ||    51
Throw: Javelin           |       |    20 |     2 |       |       |       ||    22
Invok: Minor Destruction |       |       |   296 |   382 |  1174 |   219 ||  2071
       Lesser Servant of |       |       |     3 |     1 |       |     1 ||     5
       Major Destruction |       |       |     1 |    54 |    78 |    25 ||   158
       Greater Servant o |       |       |       |       |     8 |     4 ||    12
 Abil: Evoke Berserk Rag |       |     1 |     3 |       |       |       ||     4
Evoke: Wand              |       |     9 |     2 |       |    24 |       ||    35
  Use: Potion            |     2 |       |       |       |     9 |     8 ||    19
       Scroll            |       |       |    15 |     2 |    25 |     2 ||    44
 Stab: Sleeping          |     2 |       |       |       |       |       ||     2
       Paralysed         |       |    11 |       |       |       |       ||    11
       Confused          |       |       |     1 |       |       |       ||     1
  Eat: Chunk             |       |     7 |    19 |    11 |    30 |     2 ||    69
       Ration            |       |       |     1 |     4 |     1 |       ||     6
Armor: Robe              |     8 |       |       |       |       |       ||     8
       Chain mail        |    48 |    94 |   153 |   129 |   309 |    35 ||   768
       Skin              |       |       |       |       |     6 |       ||     6
Dodge: Dodged            |    70 |    80 |   104 |   113 |   340 |    21 ||   728
Block: Buckler           |       |       |       |       |   240 |       ||   240
       Reflection        |       |       |       |       |    21 |     4 ||    25
       Large shield      |       |       |       |       |       |   121 ||   121
       Rpst.: Great sword |       |       |     6 |       |       |       ||     6
       Demon blade       |       |       |       |    28 |    85 |     6 ||   119

Table legend:
 A = Spawn XP
 B = Non-spawn XP
 C = Spawn XP percentage of total XP
 D = Spawn monster count
 E = Non-spawn monster count
 F = Spawn count percentage of total count
 G = Total turns spent on level
                    A         B        C        D         E        F      G
               +---------+---------+-------+---------+---------+-------+---------
         Total |    5982 |  154046 |   3.7 |      17 |     735 |   2.3 | 24113
               +---------+---------+-------+---------+---------+-------+---------
           D:1 |       0 |      45 |   0.0 |       0 |      25 |   0.0 |   628
           D:2 |       0 |     142 |   0.0 |       0 |      23 |   0.0 |  1294
           D:3 |       0 |     167 |   0.0 |       0 |      36 |   0.0 |  1374
           D:4 |       0 |     455 |   0.0 |       0 |      13 |   0.0 |  1075
           D:5 |       0 |     767 |   0.0 |       0 |      23 |   0.0 |   651
           D:6 |       0 |    1654 |   0.0 |       0 |      29 |   0.0 |   967
           D:7 |       0 |    1474 |   0.0 |       0 |      33 |   0.0 |  1101
           D:8 |       0 |     418 |   0.0 |       0 |       7 |   0.0 |   971
           D:9 |       0 |    3097 |   0.0 |       0 |      21 |   0.0 |   901
          D:10 |       0 |    7073 |   0.0 |       0 |      35 |   0.0 |  1342
          D:11 |       0 |    2829 |   0.0 |       0 |      24 |   0.0 |   515
          D:12 |       0 |    3521 |   0.0 |       0 |      45 |   0.0 |   757
          D:13 |       0 |    5942 |   0.0 |       0 |      23 |   0.0 |   701
          D:14 |       8 |   16986 |   0.0 |       1 |      56 |   1.8 |   998
          D:15 |       0 |    9252 |   0.0 |       0 |      33 |   0.0 |  1177
        Lair:1 |       0 |    5347 |   0.0 |       0 |      25 |   0.0 |   864
        Lair:2 |       0 |   12031 |   0.0 |       0 |      43 |   0.0 |  1319
        Lair:3 |       0 |    7661 |   0.0 |       0 |      21 |   0.0 |  1560
        Lair:4 |       0 |    5542 |   0.0 |       0 |      25 |   0.0 |  1157
        Lair:5 |       0 |    6077 |   0.0 |       0 |      22 |   0.0 |   777
        Lair:6 |       0 |   19172 |   0.0 |       0 |      90 |   0.0 |  1750
      Vaults:1 |       0 |   31243 |   0.0 |       0 |      38 |   0.0 |  1057
       Abyss:2 |     932 |    2574 |  26.6 |       6 |       8 |  42.9 |   102
       Abyss:3 |    5042 |    9140 |  35.6 |      10 |       9 |  52.6 |   267
           Lab |       0 |    1208 |   0.0 |       0 |       1 |   0.0 |   567
       Ossuary |       0 |     229 |   0.0 |       0 |      27 |   0.0 |   170
               +---------+---------+-------+---------+---------+-------+---------
